[Event "FIDE WYCC Open U18 2023"]
[Site "Montesilvano"]
[Date "2023.11.21"]
[Round "8.26"]
[White "Vasynda, Oleksandr"]
[Black "Liu, Casper"]
[Result "0-1"]
[ECO "D25"]
[WhiteElo "2001"]
[BlackElo "2260"]
[Annotator "RC"]
[PlyCount "100"]
[EventDate "2023.11.13"]
[EventType "swiss"]
[EventCountry "ITA"]
[SourceTitle "playchess.com"]
[Source "ChessBase"]
[SourceQuality "1"]
[TimeControl "40/5400+30:1800+30"]

1. d4 Nf6 2. Nf3 d5 3. c4 dxc4 4. e3 Bg4 5. Bxc4 e6 6. Qb3 Qc8 7. Ne5 Bf5 8. Nd2 Bd6 9. Ndf3 O-O 10. Bd2 Nbd7 11. Nxd7 Nxd7 12. O-O Bg4 13. e4 c5 14. Ng5 cxd4 15. Nxe6 Ne5 16. Nxf8 Qxc4 17. f3 Qxb3 18. axb3 Bc8 19. Nxh7 Kxh7 20. Bf4 Be6 21. Bxe5 Bxe5 22. Ra5 Bc7 23. Rb5 Bb6 24. Rc1 Bd7 25. Re5 f6 26. Rh5+ Kg6 27. Rd5 Bc6 28. Rf5 d3+ 29. Kf1 a6 30. Ke1 Be3 31. Rc3 Rd8 32. Kd1 Kf7 33. h4 g6 34. Ra5 Bb6 35. Ra1 Bb5 36. Kd2 Rd7 37. Rc8 Bc7 38. Rh1 Bf4+ 39. Kd1 d2 40. g4 Kg7 41. h5 gxh5 42. gxh5 Kh7 43. Rg1 Be3 44. Rg2 Bf1 45. Rh2 Bf4 46. Rf2 Bh3 47. Rf8 Be6 48. Rxd2 Bxb3+ 49. Ke1 Bxd2+ 50. Kf2 Kg7 0-1

[Event "FIDE WYCC Open U18 2023"]
[Site "Montesilvano"]
[Date "2023.11.21"]
[Round "8.27"]
[White "Kostolansky, Sebastian Lukas"]
[Black "Nied, Pascal"]
[Result "1-0"]
[ECO "C65"]
[WhiteElo "2427"]
[BlackElo "2172"]
[Annotator "RC"]
[PlyCount "71"]
[EventDate "2023.11.13"]
[EventType "swiss"]
[EventCountry "ITA"]
[SourceTitle "playchess.com"]
[Source "ChessBase"]
[SourceQuality "1"]
[TimeControl "40/5400+30:1800+30"]

1. e4 e5 2. Nf3 Nc6 3. Bb5 Nf6 4. d3 Bc5 5. c3 d5 6. Nbd2 dxe4 7. dxe4 O-O 8. O-O a5 9. h3 Qe7 10. a4 Nb8 11. Qc2 h6 12. Re1 c6 13. Bf1 Re8 14. Nc4 Qc7 15. Bd2 Na6 16. Rad1 Nh5 17. g4 b5 18. axb5 cxb5 19. Ne3 Nf4 20. Bxb5 Nxh3+ 21. Kh2 Bxe3 22. Bxe3 Bxg4 23. Bxe8 Rxe8 24. Kg3 Re6 25. Qd3 Qc6 26. Kxg4 Nc5 27. Qd5 Rg6+ 28. Kxh3 Qc8+ 29. Kh2 Qg4 30. Qd8+ Kh7 31. Rg1 Qxf3 32. Qh4 Nxe4 33. Rxg6 fxg6 34. Rd7 g5 35. Qh3 Qf6 36. f3 1-0

[Event "FIDE WYCC Open U18 2023"]
[Site "Montesilvano"]
[Date "2023.11.21"]
[Round "8.28"]
[White "Jovanovski, Teodor"]
[Black "Manish Anto Cristiano F"]
[Result "1-0"]
[ECO "D10"]
[WhiteElo "2140"]
[BlackElo "2366"]
[Annotator "RC"]
[PlyCount "115"]
[EventDate "2023.11.13"]
[EventType "swiss"]
[EventCountry "ITA"]
[SourceTitle "playchess.com"]
[Source "ChessBase"]
[SourceQuality "1"]
[TimeControl "40/5400+30:1800+30"]

1. d4 d5 2. c4 c6 3. Nc3 Nf6 4. cxd5 cxd5 5. Bf4 Nc6 6. e3 a6 7. Bd3 e6 8. Rc1 Bd6 9. Bxd6 Qxd6 10. f4 b5 11. Nf3 Bb7 12. O-O Rc8 13. Ne5 Qe7 14. Nxb5 O-O 15. Nc3 Nd7 16. Qh5 g6 17. Qg4 Nb6 18. Qe2 a5 19. Bb5 Na7 20. Ba6 f6 21. Bxb7 Qxb7 22. Nd3 Qe7 23. Qf3 Rfd8 24. Qg3 Nc6 25. Rf2 Nb4 26. Nc5 Nd7 27. N3a4 Nxa2 28. Ra1 Nb4 29. Nxd7 Qxd7 30. Nb6 Qb5 31. Nxc8 Rxc8 32. Qg4 Rc6 33. Qe2 Qb6 34. Qd1 Qc7 35. Qa4 Kg7 36. h3 Nd3 37. Rd2 Rc1+ 38. Rxc1 Qxc1+ 39. Qd1 Qxd1+ 40. Rxd1 Nxb2 41. Ra1 Nc4 42. Kf2 f5 43. Rb1 Kf6 44. Rb7 h6 45. Ra7 g5 46. g3 h5 47. fxg5+ Kxg5 48. Ra6 Kf6 49. Kf3 Nd2+ 50. Ke2 Nc4 51. Kf3 Nd2+ 52. Kf4 Nc4 53. h4 Kf7 54. Kg5 Nxe3 55. Ra7+ Ke8 56. Kxh5 Nf1 57. Kg6 Nxg3 58. h5 1-0

[Event "FIDE WYCC Open U18 2023"]
[Site "Montesilvano"]
[Date "2023.11.21"]
[Round "8.29"]
[White "Prisacaru, Stefan-Emilian"]
[Black "Baranciuc, Alexandr"]
[Result "1/2-1/2"]
[ECO "C49"]
[WhiteElo "2148"]
[BlackElo "2338"]
[Annotator "RC"]
[PlyCount "96"]
[EventDate "2023.11.13"]
[EventType "swiss"]
[EventCountry "ITA"]
[SourceTitle "playchess.com"]
[Source "ChessBase"]
[SourceQuality "1"]
[TimeControl "40/5400+30:1800+30"]

1. e4 e5 2. Nf3 Nc6 3. Nc3 Nf6 4. Bb5 Bb4 5. Nd5 Bc5 6. O-O O-O 7. d4 Nxd5 8. dxc5 Nf6 9. Bxc6 dxc6 10. Qxd8 Rxd8 11. Re1 Re8 12. h3 Nd7 13. Be3 Nf8 14. a4 f6 15. Red1 Be6 16. Ne1 h5 17. f3 g5 18. g4 Kf7 19. Kf2 Ng6 20. Ng2 Rh8 21. Rh1 Rh7 22. h4 gxh4 23. Nxh4 hxg4 24. Nxg6 Kxg6 25. Rxh7 Kxh7 26. Rh1+ Kg6 27. Rg1 f5 28. exf5+ Bxf5 29. c3 Rf8 30. Ke2 Rh8 31. fxg4 Be4 32. Rf1 a5 33. b4 Bc2 34. Ra1 Rh2+ 35. Bf2 Kg5 36. bxa5 Kf4 37. Rg1 Rh3 38. g5 Bg6 39. Rc1 e4 40. Rf1 Bh5+ 41. Kd2 Rh2 42. Ke1 Kxg5 43. Be3+ Kh4 44. Rf2 Rh1+ 45. Rf1 Rh2 46. Rf2 Rh3 47. Rf4+ Kg3 48. Rxe4 Rh1+ 1/2-1/2

[Event "FIDE WYCC Open U18 2023"]
[Site "Montesilvano"]
[Date "2023.11.21"]
[Round "8.30"]
[White "Frank, Adam"]
[Black "Ismail, Mohammed Aayan"]
[Result "1/2-1/2"]
[ECO "B12"]
[WhiteElo "2330"]
[BlackElo "2143"]
[Annotator "RC"]
[PlyCount "74"]
[EventDate "2023.11.13"]
[EventType "swiss"]
[EventCountry "ITA"]
[SourceTitle "playchess.com"]
[Source "ChessBase"]
[SourceQuality "1"]
[TimeControl "40/5400+30:1800+30"]

1. e4 c6 2. d4 d5 3. e5 Bf5 4. h4 h5 5. Bd3 Bxd3 6. Qxd3 Qa5+ 7. Nd2 Qa6 8. c4 e6 9. Ne2 Bb4 10. b3 Nd7 11. O-O Nb6 12. Nf4 Ne7 13. c5 Qxd3 14. Nxd3 Bxd2 15. Bxd2 Nd7 16. g3 f6 17. Rfe1 Kf7 18. Re2 Nf5 19. Bc3 fxe5 20. Nxe5+ Nxe5 21. Rxe5 Rhg8 22. Rae1 Rae8 23. Kg2 g5 24. hxg5 Rxg5 25. Kf3 Rg4 26. Rh1 Kg6 27. Rh3 Re7 28. Kg2 Re4 29. Rxe4 dxe4 30. Rh1 e5 31. dxe5 Rd7 32. Re1 Rd3 33. Ba5 e3 34. fxe3 Nxe3+ 35. Kf2 Ng4+ 36. Kg2 Ne3+ 37. Kf2 Ng4+ 1/2-1/2

[Event "FIDE WYCC Open U18 2023"]
[Site "Montesilvano"]
[Date "2023.11.21"]
[Round "8.31"]
[White "Ciszewski, Krzysztof"]
[Black "Marakovits, Nico"]
[Result "1/2-1/2"]
[ECO "E40"]
[WhiteElo "2120"]
[BlackElo "2324"]
[Annotator "RC"]
[PlyCount "71"]
[EventDate "2023.11.13"]
[EventType "swiss"]
[EventCountry "ITA"]
[SourceTitle "playchess.com"]
[Source "ChessBase"]
[SourceQuality "1"]
[TimeControl "40/5400+30:1800+30"]

1. d4 Nf6 2. c4 e6 3. Nc3 Bb4 4. e3 O-O 5. Bd3 Re8 6. Nf3 Bxc3+ 7. bxc3 d6 8. O-O e5 9. dxe5 dxe5 10. Nxe5 Qe7 11. Nf3 Bg4 12. h3 Bh5 13. Be2 c5 14. Nh4 Bxe2 15. Qxe2 Qe6 16. g4 Nc6 17. f3 Ne5 18. e4 Qxc4 19. Qxc4 Nxc4 20. Rd1 g6 21. Ng2 Ne5 22. Kf2 c4 23. Bg5 Nfd7 24. Rd6 Nc5 25. Ne3 Re6 26. Rxe6 fxe6 27. Bf6 Ned3+ 28. Kg3 b5 29. a4 Nxa4 30. Nxc4 Nxc3 31. Bxc3 bxc4 32. Ra4 Rc8 33. Rxa7 e5 34. h4 h5 35. g5 Rc6 36. Kg2 1/2-1/2

[Event "FIDE WYCC Open U18 2023"]
[Site "Montesilvano"]
[Date "2023.11.21"]
[Round "8.32"]
[White "Israilov, Agil"]
[Black "Melian, Juan Sebastian"]
[Result "0-1"]
[ECO "B49"]
[WhiteElo "2070"]
[BlackElo "2291"]
[Annotator "RC"]
[PlyCount "60"]
[EventDate "2023.11.13"]
[EventType "swiss"]
[EventCountry "ITA"]
[SourceTitle "playchess.com"]
[Source "ChessBase"]
[SourceQuality "1"]
[TimeControl "40/5400+30:1800+30"]

1. e4 c5 2. Nf3 e6 3. d4 cxd4 4. Nxd4 Nc6 5. Nc3 Qc7 6. Be3 a6 7. Be2 b5 8. O-O Bb7 9. a3 Nf6 10. f4 Bc5 11. Kh1 Qb6 12. Nxc6 Bxe3 13. Ne5 Bd4 14. Bd3 d6 15. Ng4 Bxc3 16. bxc3 Nxe4 17. f5 Qc6 18. Qe1 Nf6 19. Nxf6+ gxf6 20. Rf3 Rg8 21. Rg3 Rxg3 22. Qxg3 e5 23. Rg1 Ke7 24. Be2 Rc8 25. Bf3 d5 26. Qg7 Qxc3 27. Bh5 Rf8 28. Qxh7 d4 29. Qh6 Rg8 30. Bg6 Qxc2 0-1

[Event "FIDE WYCC Open U18 2023"]
[Site "Montesilvano"]
[Date "2023.11.22"]
[Round "9.1"]
[White "Chyzy, Jakub"]
[Black "Murzin, Volodar"]
[Result "0-1"]
[ECO "B23"]
[WhiteElo "2286"]
[BlackElo "2625"]
[Annotator "TA"]
[PlyCount "138"]
[EventDate "2023.11.13"]
[EventType "swiss"]
[EventCountry "ITA"]
[SourceTitle "playchess.com"]
[Source "ChessBase"]
[SourceQuality "1"]
[TimeControl "40/5400+30:1800+30"]

1. e4 e6 2. d3 c5 3. g3 Nc6 4. Bg2 d5 5. Nc3 d4 6. Nce2 e5 7. f4 Bd6 $1 {7...Bd6 is better than 7...f6.} 8. Nf3 {B23: Closed Sicilian: Lines without g3.} Bg4 9. O-O Nge7 10. h3 {The position is equal.} Bxf3 11. Rxf3 {[#]} h5 $146 ({Predecessor:} 11... Qc7 12. c3 f6 13. cxd4 exd4 14. Bd2 O-O-O 15. Qb3 Kb8 16. Rc1 Rhe8 17. f5 Ne5 {0-1 Valner,U (2128)-Korneev,O (2645) Neckar op-A 12th 2008 (1)}) 12. f5 Nc8 13. Bd2 Be7 14. Qc1 Nd6 15. c4 a6 16. a3 Nb8 17. g4 Nd7 18. Ng3 hxg4 19. hxg4 Qc7 (19... Bh4 $5) 20. Nh5 (20. g5 $11 {remains equal.}) 20... O-O-O $1 $17 21. Rh3 (21. Nxg7 Rdg8 22. Nh5 Rxg4 $17) 21... Rdg8 (21... g6 $15 22. f6 Nxf6 23. Nxf6 Bxf6) 22. Ng3 (22. g5 $1 $11 {was the only way to keep the balance.}) 22... Qd8 (22... Rxh3 $17 23. Bxh3 Rh8) 23. g5 $11 Rxh3 24. Bxh3 Rh8 25. Kg2 Rh4 26. b4 (26. Nh1 $11) 26... Kb8 (26... Qh8 $17 27. Qh1 Kb8) 27. Ne2 b5 28. Rb1 Ka7 {Strongly threatening ...bxc4.} 29. bxc5 Nxc5 (29... Qh8 $5 30. Ng1 $8 (30. cxd6 $2 Rxh3 $19) 30... Nxc5 31. cxb5 {[%mdl 64] Discovered Attack, Remove Defender} Nxb5 $11) 30. cxb5 Nxb5 31. a4 Nxa4 (31... Nxd3 $2 32. Qc6 Nd6 33. Ba5 Qxa5 34. f6 Ne1+ 35. Kg3 Rxh3+ 36. Kxh3 gxf6 37. Qd7+ Ka8 38. Qxe7 $18) (31... Nc3 $11 {keeps the balance.} 32. Nxc3 Qh8) 32. Ra1 $2 {[#]} (32. Qc4 $16 Nc5 33. f6 gxf6 34. gxf6) 32... Nac3 {Black is more active.} 33. Bxc3 dxc3 34. Nxc3 Nd4 35. Qb1 {Against Nb3. White is weak on the dark squares} (35. f6 $14 {keeps the upper hand.} Rxh3 36. Kxh3 gxf6 37. Nd5) 35... Bb4 $1 $36 {[%mdl 2048] Keeping White busy.} (35... Bxg5 36. Qa2 (36. Nb5+ Nxb5 37. Qxb5 Qc8 $15) 36... Qc8 37. Qxf7+ Qb7 38. Qxb7+ Kxb7 39. Rb1+ Kc6 40. Ra1 $11) 36. f6 $2 (36. Qxb4 Qxg5+ 37. Kf2 Rf4+ 38. Ke1 Qg1+ 39. Kd2 Rf2+) (36. Nb5+ $17 Nxb5 37. f6) 36... Bxc3 37. Ra3 {[#] aiming for Qa2.} Rxh3 $1 38. Qa2 (38. Kxh3 Qc8+) 38... Qc8 (38... Rxd3 39. Rxa6+ Kb7 40. Ra7+ Kc6 41. Qc4+ Kb6 42. Qa6+ (42. Ra6+ Kb7 $11) 42... Kc5 43. Qxd3 $11) 39. Rxa6+ Qxa6 40. Qxa6+ Kxa6 41. fxg7 {[#]} Ne6 $1 42. g8=Q Nf4+ ({Worse is} 42... Rxd3 43. Qa8+ Kb6 44. Qb8+ Kc6 45. Qc8+ Kb6 46. Qb8+ Ka6 47. Qa8+ Kb6 48. Qb8+ $17) 43. Kf2 Bd4+ 44. Ke1 Re3+ 45. Kd1 Rxd3+ 46. Ke1 $2 (46. Kc2 Rc3+ 47. Kb1) 46... Rf3 47. Kd1 Ng6 $2 (47... Kb5 {White must now prevent ...Rf1+.} 48. Qxf7 Kb4 49. Qf8+ Kb3 50. Qb8+ Kc3 51. Qc8+ Kd3 52. Qa6+ Kxe4 53. Qc6+ Ke3 54. Qc1+ Ke4 55. Qc6+ Ke3 56. Qc1+ Kf2 57. Qd2+ Kg3) 48. Qb8 $2 (48. Qa8+ Kb5 49. Kc2 Rf2+ 50. Kb3 Rb2+ 51. Ka3) 48... Rf2 $2 ({Black should try} 48... Rf1+ $19 49. Ke2 Rf2+ 50. Kd1 Ka5) 49. Qb4 $1 $15 Nh4 $1 50. Qa4+ Kb6 {Hoping for ...Kc5.} 51. Qb4+ Kc7 52. Qc4+ Kd8 53. Qb4 Ng2 $1 {...Ne3+ is the strong threat.} 54. Qd6+ Ke8 55. Qb8+ {[#]} Kd7 $1 {Threatens to win with ...Ne3+.} 56. Qb7+ $2 {[%mdl 8192] [#]} ({White has to play} 56. Qb5+ $1 $15 Kc7 57. Qc4+ Kd8 58. Qd5+ Ke7 59. Qb7+ Kf8 60. g6) 56... Kd6 $1 $19 57. Qd5+ Ke7 58. Qa8 (58. Qb7+ $142 Kf8 59. Qa6) 58... Ne3+ 59. Ke1 Rc2 $2 (59... Nc2+ 60. Kd1 Ne3+ 61. Ke1 Rc2 62. Qb7+ Kf8) 60. Qa3+ Kd7 61. Qa4+ Kd6 62. Qb4+ $2 (62. Qa3+ Kc6 63. Qa6+ Kc5 64. Qa5+ Kc4 65. Qa6+ Kb4 66. Qb7+ Ka3 67. Qe7+ Ka4 68. Qd7+ Ka5 69. Qd8+ Kb5 70. Qe8+ Kb4 71. Qf8+ Kc4 72. Qc8+ Kd3 73. Qxc2+ Nxc2+ 74. Kf1 Kxe4 75. g6 fxg6 76. Kg2 Kf4 77. Kf1 e4 78. Ke2 Nb4 79. Kd2 Kf3 80. Kd1 e3 81. Kc1 e2 82. Kd2 Bf6 83. Ke1 Bc3#) 62... Kc6 63. Qa4+ Kc5 64. Qa3+ Kc4 {( -> ...Bc3+)} 65. Qa6+ Kb4 66. Qb7+ Ka3 67. Qa6+ Kb2 68. Qb5+ Kc1 69. g6 Bc3# {Magnificent play by Murzin!   Weighted Error Value: White=0.76/Black=0.31} 0-1

[Event "FIDE WYCC Open U18 2023"]
[Site "Montesilvano"]
[Date "2023.11.22"]
[Round "9.2"]
[White "Eidelman, Gabriel"]
[Black "Prraneeth Vuppala"]
[Result "0-1"]
[ECO "C78"]
[WhiteElo "2284"]
[BlackElo "2512"]
[Annotator "RC"]
[PlyCount "121"]
[EventDate "2023.11.13"]
[EventType "swiss"]
[EventCountry "ITA"]
[SourceTitle "playchess.com"]
[Source "ChessBase"]
[SourceQuality "1"]
[TimeControl "40/5400+30:1800+30"]

1. e4 e5 2. Nf3 Nc6 3. Bb5 a6 4. Ba4 Nf6 5. O-O b5 6. Bb3 Bc5 7. a4 Rb8 8. c3 d6 9. d4 Bb6 10. a5 Ba7 11. h3 O-O 12. Be3 Ra8 13. Nbd2 h6 14. Re1 Re8 15. Bc2 exd4 16. cxd4 Bb7 17. Bb1 Ne7 18. Nh4 Nh7 19. Qh5 c5 20. e5 Nf8 21. exd6 Nd5 22. dxc5 Nxe3 23. Rxe3 Rxe3 24. fxe3 Bxc5 25. Ba2 Bxe3+ 26. Kh1 Qd7 27. Ndf3 Rc8 28. Nf5 g6 29. Ne7+ Qxe7 30. dxe7 gxh5 31. Re1 Ng6 32. Rxe3 Re8 33. Ne5 Rxe7 34. Bxf7+ Rxf7 35. Nxf7 Kxf7 36. Rc3 Ne7 37. Rc7 Bc8 38. Kh2 Ke6 39. Kg3 Kd6 40. Ra7 Nf5+ 41. Kf4 Ne7 42. Ke4 h4 43. Kf3 b4 44. Ke4 b3 45. Kd3 Nd5 46. Rg7 Bf5+ 47. Kd4 Ne7 48. Rf7 Nc6+ 49. Ke3 Be6 50. Rf4 Nxa5 51. Kd2 Nc4+ 52. Kc1 a5 53. Rxh4 a4 54. Rxh6 Ke5 55. Rh5+ Kd4 56. Rb5 a3 57. bxa3 Kc3 58. a4 b2+ 59. Rxb2 Nxb2 60. a5 Bf5 61. a6 0-1

[Event "FIDE WYCC Open U18 2023"]
[Site "Montesilvano"]
[Date "2023.11.22"]
[Round "9.3"]
[White "Juhasz, Agoston"]
[Black "Cesar Maestre, Bernardo"]
[Result "1-0"]
[ECO "B96"]
[WhiteElo "2401"]
[BlackElo "2373"]
[Annotator "RC"]
[PlyCount "97"]
[EventDate "2023.11.13"]
[EventType "swiss"]
[EventCountry "ITA"]
[SourceTitle "playchess.com"]
[Source "ChessBase"]
[SourceQuality "1"]
[TimeControl "40/5400+30:1800+30"]

1. e4 c5 2. Nf3 d6 3. d4 cxd4 4. Nxd4 Nf6 5. Nc3 a6 6. Bg5 e6 7. f4 h6 8. Bh4 Nbd7 9. Qe2 e5 10. fxe5 Nxe5 11. h3 Be7 12. O-O-O O-O 13. Nf3 Qa5 14. Qe1 Nxf3 15. gxf3 Qb6 16. Bc4 Be6 17. Bb3 Rac8 18. Kb1 a5 19. Rg1 Qc5 20. f4 Bxb3 21. axb3 Rfe8 22. f5 Kh7 23. Bf2 Qc6 24. Bd4 Bd8 25. Rd2 Bb6 26. Qg3 Rg8 27. Bxb6 Qxb6 28. Rxd6 Qc7 29. Rd2 Qxg3 30. Rxg3 Rxc3 31. Rxc3 Nxe4 32. Rd7 Nxc3+ 33. bxc3 Rc8 34. c4 b6 35. Rxf7 Rc6 36. Kb2 h5 37. Ka3 h4 38. Ka4 Kg8 39. Rd7 Rf6 40. Kb5 Rxf5+ 41. Kxb6 g5 42. c5 Rf3 43. Rd3 g4 44. hxg4 Rxd3 45. cxd3 h3 46. c6 h2 47. c7 h1=Q 48. c8=Q+ Kg7 49. Qb7+ 1-0

[Event "FIDE WYCC Open U18 2023"]
[Site "Montesilvano"]
[Date "2023.11.22"]
[Round "9.4"]
[White "Arfan, Aditya Bagus"]
[Black "Bai, Adelard"]
[Result "1/2-1/2"]
[ECO "C45"]
[WhiteElo "2415"]
[BlackElo "2384"]
[Annotator "RC"]
[PlyCount "81"]
[EventDate "2023.11.13"]
[EventType "swiss"]
[EventCountry "ITA"]
[SourceTitle "playchess.com"]
[Source "ChessBase"]
[SourceQuality "1"]
[TimeControl "40/5400+30:1800+30"]

1. e4 e5 2. Nf3 Nc6 3. d4 exd4 4. Nxd4 Qf6 5. Nxc6 Bc5 6. Qf3 bxc6 7. Nd2 d6 8. Bd3 Be6 9. O-O Qxf3 10. Nxf3 Ne7 11. b3 Ng6 12. Bb2 O-O 13. Bd4 Bb6 14. a4 Nf4 15. Ba6 Bc8 16. Bc4 Be6 17. Ba6 Bc8 18. Bxc8 Ne2+ 19. Kh1 Nxd4 20. Bb7 Rab8 21. Nxd4 Bxd4 22. Rad1 Rxb7 23. Rxd4 c5 24. Rc4 Re8 25. g4 Rb4 26. Rxb4 cxb4 27. f3 Re5 28. Rd1 Rc5 29. Rd4 a5 30. Rd5 Rxc2 31. Rxa5 g6 32. Rb5 c5 33. a5 Ra2 34. e5 dxe5 35. Rxc5 Ra3 36. Rxe5 Rxb3 37. Kg2 Ra3 38. Rb5 b3 39. a6 Ra2+ 40. Kg3 Rxa6 41. Rxb3 1/2-1/2

[Event "FIDE WYCC Open U18 2023"]
[Site "Montesilvano"]
[Date "2023.11.22"]
[Round "9.5"]
[White "Colbow, Collin"]
[Black "Popov, Konstantin"]
[Result "0-1"]
[ECO "B94"]
[WhiteElo "2403"]
[BlackElo "2345"]
[Annotator "RC"]
[PlyCount "60"]
[EventDate "2023.11.13"]
[EventType "swiss"]
[EventCountry "ITA"]
[SourceTitle "playchess.com"]
[Source "ChessBase"]
[SourceQuality "1"]
[TimeControl "40/5400+30:1800+30"]

1. e4 c5 2. Nf3 d6 3. d4 cxd4 4. Nxd4 Nf6 5. Nc3 a6 6. Bg5 Nbd7 7. Qe2 h6 8. Bh4 g6 9. O-O-O Bg7 10. f4 e5 11. Nf3 Qc7 12. Bg3 O-O 13. Qd2 Nc5 14. Bd3 Re8 15. Bh4 exf4 16. Bxf6 Bxf6 17. Nd5 Qd8 18. Qxf4 Bg7 19. Rhf1 Be6 20. h4 Rc8 21. Kb1 Na4 22. c3 Nxb2 23. Nd4 Nxd1 24. Nxe6 fxe6 25. Qf7+ Kh8 26. e5 exd5 27. Qxg6 Nxc3+ 28. Ka1 Ne4 29. Rf7 Bxe5+ 30. Kb1 Nd2# 0-1

[Event "FIDE WYCC Open U18 2023"]
[Site "Montesilvano"]
[Date "2023.11.22"]
[Round "9.6"]
[White "Ilamparthi A R"]
[Black "Domalchuk-Jonasson, Aleksandr"]
[Result "0-1"]
[ECO "C47"]
[WhiteElo "2385"]
[BlackElo "2403"]
[Annotator "RC"]
[PlyCount "106"]
[EventDate "2023.11.13"]
[EventType "swiss"]
[EventCountry "ITA"]
[SourceTitle "playchess.com"]
[Source "ChessBase"]
[SourceQuality "1"]
[TimeControl "40/5400+30:1800+30"]

1. e4 e5 2. Nf3 Nc6 3. Nc3 Nf6 4. Be2 d5 5. exd5 Nxd5 6. O-O Be7 7. Bb5 Nxc3 8. bxc3 e4 9. Nd4 Bd7 10. Nxc6 bxc6 11. Bc4 O-O 12. Qh5 Be6 13. Bxe6 fxe6 14. Qe2 Qd5 15. Bb2 Rad8 16. c4 Qf5 17. f3 Qf4 18. Bc3 Bc5+ 19. Kh1 Bd6 20. g3 exf3 21. Qxe6+ Qf7 22. Rae1 Qxe6 23. Rxe6 Rf5 24. d4 c5 25. d5 g5 26. Kg1 g4 27. Re4 h5 28. Kf2 Kf7 29. Rfe1 Rd7 30. Ba5 Rg5 31. R1e3 Rg6 32. Ra3 Re7 33. Rxe7+ Kxe7 34. Re3+ Kd7 35. Bd2 Be7 36. Ra3 Rb6 37. Bc3 Rb1 38. Rxa7 Rh1 39. Be5 Rxh2+ 40. Kf1 Rh1+ 41. Kf2 Rh2+ 42. Kf1 Bd6 43. Bxd6 Kxd6 44. Ra6+ Ke5 45. Rh6 Kd4 46. a4 h4 47. Rxh4 Rxh4 48. gxh4 g3 49. a5 Ke3 50. d6 cxd6 51. a6 g2+ 52. Kg1 f2+ 53. Kxg2 Ke2 0-1

[Event "FIDE WYCC Open U18 2023"]
[Site "Montesilvano"]
[Date "2023.11.22"]
[Round "9.7"]
[White "Pasti, Aron"]
[Black "Mayank Chakraborty"]
[Result "0-1"]
[ECO "C88"]
[WhiteElo "2397"]
[BlackElo "2368"]
[Annotator "RC"]
[PlyCount "110"]
[EventDate "2023.11.13"]
[EventType "swiss"]
[EventCountry "ITA"]
[SourceTitle "playchess.com"]
[Source "ChessBase"]
[SourceQuality "1"]
[TimeControl "40/5400+30:1800+30"]

1. e4 e5 2. Nf3 Nc6 3. Bb5 a6 4. Ba4 Nf6 5. O-O Be7 6. Re1 b5 7. Bb3 O-O 8. a4 Bb7 9. d3 d6 10. Nbd2 Nd7 11. a5 Nb4 12. Nf1 Nc5 13. Ba2 Nxa2 14. Rxa2 f5 15. exf5 Rxf5 16. Ng3 Rxf3 17. gxf3 Qd7 18. d4 exd4 19. Qxd4 Bxf3 20. Qe3 Rf8 21. Ra3 Qh3 22. Qxf3 Rxf3 23. Rxf3 Bf6 24. Re8+ Kf7 25. Re7+ Kg8 26. Re8+ Kf7 27. Re7+ Kg6 28. Ree3 Qg4 29. h3 Qa4 30. b3 Qxa5 31. Ne2 Qa2 32. Nf4+ Kf7 33. Nd5 Ne6 34. Bd2 Qxc2 35. Nxf6 gxf6 36. Bc3 Nd4 37. Bxd4 Qd1+ 38. Kg2 Qxd4 39. Rd3 Qe4 40. Rde3 Qb7 41. Kh2 c5 42. Rf4 d5 43. Rh4 Qb8+ 44. Kg2 d4 45. Rg3 Qb7+ 46. Kg1 Ke6 47. b4 cxb4 48. Rxd4 a5 49. Re3+ Kf5 50. Red3 Qc6 51. Rd6 Qc1+ 52. Kg2 a4 53. R6d5+ Kg6 54. Rg3+ Kf7 55. Rd7+ Ke6 0-1

[Event "FIDE WYCC Open U18 2023"]
[Site "Montesilvano"]
[Date "2023.11.22"]
[Round "9.8"]
[White "Orozbaev, Eldiar"]
[Black "Nguyen, Quoc Hy"]
[Result "1/2-1/2"]
[ECO "B22"]
[WhiteElo "2278"]
[BlackElo "2392"]
[Annotator "RC"]
[PlyCount "173"]
[EventDate "2023.11.13"]
[EventType "swiss"]
[EventCountry "ITA"]
[SourceTitle "playchess.com"]
[Source "ChessBase"]
[SourceQuality "1"]
[TimeControl "40/5400+30:1800+30"]

1. e4 c5 2. c3 d5 3. exd5 Qxd5 4. d4 Nc6 5. Nf3 Nf6 6. Na3 Bg4 7. Be2 cxd4 8. Nb5 O-O-O 9. Nbxd4 e5 10. Nxc6 Qxc6 11. Qc2 Bd6 12. Be3 Kb8 13. Ng5 Bxe2 14. Qxe2 Qxg2 15. O-O-O Rhf8 16. Nf3 e4 17. Nd4 Qg4 18. Qb5 Qd7 19. Rhg1 Bxh2 20. Qxd7 Rxd7 21. Rxg7 h5 22. Rg5 Rd5 23. Rh1 Be5 24. Ne2 Re8 25. Rf5 Re6 26. Rg1 Bd6 27. Rxd5 Nxd5 28. Rg8+ Kc7 29. Nd4 Rg6 30. Rh8 Bf4 31. Rh7 Rf6 32. Ne6+ Kd6 33. Nxf4 Nxf4 34. Kd2 a6 35. Rh6 Ng6 36. Rxh5 Ke6 37. Rc5 Rf5 38. Rc7 Rd5+ 39. Bd4 Rd7 40. Rc5 Rd5 41. Rc7 Rd7 42. Rc5 f5 43. a4 Rf7 44. c4 Rd7 45. Kc3 Rh7 46. Kb4 Ne7 47. Re5+ Kd6 48. c5+ Kd7 49. Kc4 Rh1 50. Be3 Rb1 51. Kc3 Rg1 52. b3 Rg4 53. b4 f4 54. Bd4 e3 55. fxe3 f3 56. e4 Nc6 57. Rd5+ Ke6 58. b5 axb5 59. axb5 Nxd4 60. Kxd4 Rf4 61. c6 bxc6 62. bxc6 Rf7 63. c7 Rxc7 64. Re5+ Kd6 65. Rf5 Ke6 66. Rxf3 Ra7 67. Rb3 Ra4+ 68. Ke3 Ra5 69. Kf4 Rc5 70. Rb6+ Ke7 71. Ra6 Rb5 72. e5 Rb1 73. Ra3 Rf1+ 74. Rf3 Ra1 75. Kf5 Ra6 76. Rb3 Rc6 77. Rb7+ Ke8 78. Ra7 Rb6 79. Rg7 Ra6 80. Rg6 Rxg6 81. Kxg6 Ke7 82. Kf5 Kf7 83. e6+ Ke7 84. Ke5 Ke8 85. Kd6 Kd8 86. e7+ Ke8 87. Ke6 1/2-1/2

[Event "FIDE WYCC Open U18 2023"]
[Site "Montesilvano"]
[Date "2023.11.22"]
[Round "9.9"]
[White "Elmi, Saad Abobaker"]
[Black "Ohanyan, Emin"]
[Result "0-1"]
[ECO "C83"]
[WhiteElo "2321"]
[BlackElo "2466"]
[Annotator "RC"]
[PlyCount "114"]
[EventDate "2023.11.13"]
[EventType "swiss"]
[EventCountry "ITA"]
[SourceTitle "playchess.com"]
[Source "ChessBase"]
[SourceQuality "1"]
[TimeControl "40/5400+30:1800+30"]

1. e4 e5 2. Nf3 Nc6 3. Bb5 a6 4. Ba4 Nf6 5. O-O Nxe4 6. d4 b5 7. Bb3 d5 8. dxe5 Be6 9. Qe2 Be7 10. c3 Nc5 11. Rd1 Nxb3 12. axb3 O-O 13. h3 Re8 14. Be3 f6 15. exf6 Bxf6 16. Nbd2 Qe7 17. Qd3 Qf7 18. b4 Ne7 19. Nd4 Bd7 20. N2f3 Ng6 21. Nb3 Be7 22. Ng5 Bxg5 23. Bxg5 Bf5 24. Qd2 h6 25. Be3 Nh4 26. Kh2 Nxg2 27. Kxg2 Bxh3+ 28. Kg3 Re5 29. Rg1 Qg6+ 30. Kh2 Bg4 31. Rg3 Qe4 32. f3 Bxf3 33. Qd4 Rh5+ 34. Kg1 g5 35. Qxe4 Bxe4 36. Rg2 Bxg2 37. Kxg2 Re8 38. Bf2 Re2 39. Rb1 g4 40. Nd4 Rd2 41. Ra1 Rg5 42. Kg3 Rd3+ 43. Kf4 Rg6 44. Bh4 Rh3 45. Bg3 h5 46. Kf5 Kf7 47. Rg1 c6 48. Be5 Re3 49. Ra1 g3 50. Rxa6 g2 51. Ra7+ Ke8 52. Ra8+ Kd7 53. Ra7+ Kc8 54. Bh2 g1=Q 55. Bxg1 Rxg1 56. Nxc6 Rf1+ 57. Kg5 Rg3+ 0-1

[Event "FIDE WYCC Open U18 2023"]
[Site "Montesilvano"]
[Date "2023.11.22"]
[Round "9.10"]
[White "Goroshkov, Maksym"]
[Black "Razafindratsima, Timothe"]
[Result "1/2-1/2"]
[ECO "B31"]
[WhiteElo "2303"]
[BlackElo "2462"]
[Annotator "RC"]
[PlyCount "72"]
[EventDate "2023.11.13"]
[EventType "swiss"]
[EventCountry "ITA"]
[SourceTitle "playchess.com"]
[Source "ChessBase"]
[SourceQuality "1"]
[TimeControl "40/5400+30:1800+30"]

1. e4 c5 2. Nf3 Nc6 3. Bb5 g6 4. Bxc6 bxc6 5. O-O Bg7 6. Re1 Qc7 7. d3 d6 8. e5 dxe5 9. Nbd2 Nh6 10. Nc4 f6 11. Be3 Nf7 12. Bxc5 O-O 13. Qd2 Bg4 14. Qa5 Qxa5 15. Nxa5 Bxf3 16. gxf3 Ng5 17. Kg2 Ne6 18. b4 Kf7 19. Rab1 h5 20. Be3 Rfc8 21. a4 g5 22. h3 Nf8 23. Rb3 Ng6 24. Kf1 e6 25. c4 Bf8 26. b5 c5 27. Nc6 Bd6 28. Reb1 Rc7 29. Bd2 Rac8 30. Ba5 Rd7 31. Bd2 Nh4 32. Ke2 Nf5 33. Be3 Kg6 34. Rg1 Kf7 35. Rgb1 Kg6 36. Rg1 Kf7 1/2-1/2